Map: Goldenaura LE

Players

Abbott

  • Race: Terran Terran
  • League: Diamond
  • Spawn Location: 12:00

SubN - Winner!

  • Race: Zerg Zerg
  • League: Diamond
  • Spawn Location: 5:00

VOD

Have the link to the VOD?

Description

Time

  • Played on: Dec. 30, 2023, 8:32 p.m.
  • Length: 14:04
Show
View Real Time Build Order
Export as new Build Order

Abbott Terran 

Build Orders: 2 Factory, Reaper Expand, Mech 

Get SALT Encoding   

  12  0:00  SCV  
  13  0:12  SCV  
  14  0:18  Supply Depot  
  14  0:24  SCV  
  15  0:39  SCV  
  15  0:40  Barracks  
  16  0:44  Refinery  
  16  0:51  SCV  
  17  1:03  SCV  
  18  1:15  SCV  
  19  1:27  Reaper  
  19  1:28  Orbital Command  
  20  1:44  Command Center  
  20  1:54  SCV  
  20  1:55  Supply Depot  
  20  1:59  Marine  
  22  2:06  SCV  
  23  2:10  Factory  
  23  2:18  SCV  
  23  2:19  Refinery  
  23  2:21  Barracks Reactor  
  24  2:30  SCV  
  25  2:43  SCV  
  26  2:55  SCV  
  26  2:57  Factory  
  27  3:04  Orbital Command  
  27  3:07  Supply Depot, SCV  
  28  3:13  Hellion x2  
  28  3:16  Barracks Tech Lab  
  28  3:19  SCV  
  33  3:31  SCV  
  34  3:34  Cyclone  
  36  3:46  SCV x2  
  37  3:58  SCV x2  
  37  4:02  Cyclone, Hurricane Engines  
  41  4:04  Cyclone  
  41  4:07  Hellion  
  45  4:10  SCV x2  
  47  4:22  SCV  
  48  4:26  Command Center  
  48  4:28  Hellion  
  48  4:29  Supply Depot  
  50  4:33  SCV  
  50  4:34  Hellion, SCV  
  54  4:45  Factory  
  54  4:46  Starport  
  54  4:47  Barracks Reactor  
  54  4:51  Hellion  
  56  5:02  Siege Tank  
  56  5:04  SCV  
  56  5:05  SCV  
  56  5:06  Refinery  
  61  5:09  Refinery, Supply Depot  
  61  5:10  Supply Depot  
  61  5:16  SCV  
  62  5:24  SCV  
  53  5:51  Orbital Command  
  53  5:52  SCV x2  
  55  5:58  Starport Tech Lab  
  55  6:04  SCV  
  55  6:10  Armory  
  56  6:12  Factory, Armory  
  56  6:13  Engineering Bay  
  56  6:14  Factory  
  56  6:25  Siege Tank  
  59  6:28  Banshee  
  59  6:30  Cloaking Field  
  62  6:38  Hellion  
  62  6:39  Hellion x3  
  72  6:40  SCV x3  
  72  6:44  Supply Depot  
  72  6:45  Supply Depot  
  73  6:52  SCV x3  
  76  6:57  Hellion  
  76  7:00  Cyclone, Hellion  
  82  7:04  SCV x3  
  84  7:19  Supply Depot  
  84  7:20  Banshee  
  84  7:21  Supply Depot, Factory Tech Lab  
  84  7:22  Factory Tech Lab  
  87  7:23  Siege Tank  
  87  7:24  Hellion x2  
  94  7:30  Orbital Command  
  94  7:31  Infernal Pre-Igniter  
  94  7:44  Supply Depot  
  94  7:45  Supply Depot x2  
  94  7:55  Siege Tank  
  94  7:56  SCV x3  
  100  8:03  Medivac  
  100  8:04  Supply Depot x2  
  102  8:06  Refinery  
  102  8:08  SCV x2  
  102  8:09  SCV  
  102  8:11  Refinery, Siege Tank  
  102  8:12  Siege Tank  
  111  8:13  Hellion x4  
  111  8:14  Sensor Tower  
  111  8:17  Terran Vehicle Weapons Level 1  
  119  8:20  SCV x2  
  119  8:23  Terran Vehicle And Ship Armor Level 1  
  121  8:27  Hellion, SCV  
  121  8:32  SCV  
  121  8:33  Missile Turret, SCV  
  121  8:34  Missile Turret, Hellion x2  
  126  8:35  Hellion x2  
  126  8:37  Missile Turret  
  85  9:00  Orbital Command  
  69  9:15  Siege Tank  
  69  9:16  Hellion x2, Siege Tank x2  
  82  9:17  Hellion x2  
  82  9:25  SCV x3  
  82  9:30  Supply Depot  
  85  9:32  Supply Depot  
  85  9:37  SCV x3  
  85  9:38  Hellion x4  
  96  9:39  Hellion  
  96  9:43  Refinery  
  96  9:47  Hyperflight Rotors  
  96  9:48  Siege Tank x2  
  96  9:49  SCV x3  
  105  9:53  Missile Turret  
  105  9:54  Missile Turret  
  105  9:56  Missile Turret  
  105  9:57  Missile Turret  
  105  9:58  Missile Turret  
  105  9:59  Missile Turret  
  105  10:01  SCV  
  105  10:02  SCV x2  
  105  10:03  Neosteel Armor  
  105  10:05  Smart Servos  
  108  10:17  Cyclone x2, Siege Tank, Hellion  
  108  10:18  Hellion  
  108  10:19  Banshee  
  108  10:20  Cyclone  
  124  10:43  Supply Depot  
  124  10:45  Cyclone, Supply Depot, Siege Tank, Hellion  
  124  10:49  Cyclone  
  133  10:50  Hellion x2  
  133  10:52  Siege Tank  
  133  11:07  Hellion  
  133  11:11  Cyclone, Hellion  
  139  11:17  Cyclone, Hellion  
  125  11:21  Cyclone  
  125  11:24  Siege Tank  
  115  11:28  Hellion  
  106  11:36  Terran Vehicle And Ship Armor Level 2, Terran Vehicle Weapons Level 2  
  106  11:39  Hellion x2  
  110  11:43  Hellion, Hi-Sec Auto Tracking  
  112  11:49  Cyclone, Hellion  
  112  11:54  Hellion  
  118  11:56  Hellion, SCV x3  
  118  11:57  Command Center  
  123  12:04  Cyclone, Hellion  
  123  12:05  Hellion  
  123  12:08  SCV x2  
  131  12:17  Siege Tank  
  131  12:21  Command Center  
  134  12:25  Cyclone x2, Siege Tank, Hellion  
  134  12:26  Hellion  
  134  12:27  Banshee  
  148  12:35  Supply Depot  
  148  12:36  Cyclone  
  150  12:52  Sensor Tower  
  150  12:53  Sensor Tower  
  150  13:02  Factory  
  150  13:04  Factory  
  142  13:08  Factory  
  110  13:23  Cyclone x2, Siege Tank x2, Hellion x3  
  117  13:55  Missile Turret  
Show
View Real Time Build Order
Export as new Build Order

SubN Zerg - Winner!

Build Orders: Hatch First 

Get SALT Encoding   

  12  0:00  Drone  
  13  0:12  Overlord  
  13  0:17  Drone  
  14  0:30  Drone x2  
  16  0:50  Hatchery  
  16  0:53  Drone  
  16  0:57  Drone  
  17  1:00  Drone  
  18  1:07  Extractor  
  17  1:17  Spawning Pool  
  16  1:20  Drone  
  16  1:24  Drone  
  18  1:28  Drone  
  19  1:39  Overlord  
  19  1:50  Drone  
  20  2:04  Queen x2  
  20  2:05  Zergling x2  
  25  2:09  Zergling x2  
  25  2:15  Metabolic Boost  
  26  2:19  Drone  
  27  2:45  Hatchery  
  27  2:48  Queen  
  27  2:49  Drone x2  
  27  2:50  Drone  
  31  2:57  Drone x2  
  31  2:58  Drone  
  34  3:05  Drone x2  
  36  3:12  Overlord  
  36  3:17  Overlord  
  36  3:23  Overlord  
  36  3:33  Drone  
  36  3:34  Drone x4  
  41  3:46  Drone x2  
  41  4:05  Queen  
  41  4:06  Drone x8  
  51  4:11  Drone x2, Extractor  
  51  4:12  Extractor  
  51  4:22  Roach Warren  
  51  4:23  Evolution Chamber  
  49  4:25  Evolution Chamber  
  49  4:26  Drone x6  
  49  4:29  Zergling x2  
  55  4:33  Queen  
  57  4:41  Queen  
  57  4:42  Drone  
  57  4:43  Drone x4  
  64  4:46  Extractor  
  63  4:56  Drone x3  
  63  4:58  Overlord x2  
  66  5:16  Roach x2  
  66  5:17  Roach  
  72  5:25  Roach  
  72  5:26  Roach x3  
  72  5:27  Queen  
  72  5:28  Queen  
  81  5:31  Roach  
  77  5:41  Roach  
  73  5:42  Overlord  
  73  5:43  Overlord x4  
  71  5:51  Zerg Missile Weapons Level 1  
  71  5:52  Zerg Ground Armor Level 1  
  71  5:54  Lair  
  71  5:55  Overlord x3  
  69  6:01  Drone x7  
  76  6:08  Queen  
  76  6:09  Drone x2  
  80  6:16  Ravager  
  80  6:17  Ravager x3  
  84  6:23  Hatchery  
  84  6:25  Drone x4  
  87  6:29  Extractor  
  87  6:30  Extractor  
  85  6:34  Drone  
  85  6:37  Baneling Nest  
  85  6:47  Queen  
  85  6:48  Drone x4  
  85  6:51  Drone x2  
  85  6:52  Drone x6  
  99  7:04  Pneumatized Carapace  
  99  7:08  Ravager  
  99  7:09  Ravager x2  
  99  7:10  Roach x2  
  99  7:11  Roach x5  
  99  7:13  Glial Reconstitution  
  99  7:14  Zergling x2  
  99  7:15  Zergling x8  
  121  7:22  Spore Crawler  
  121  7:23  Drone x2  
  121  7:24  Overlord x3  
  121  7:27  Centrifugal Hooks  
  122  7:35  Overlord x4  
  122  7:45  Queen  
  122  7:46  Zerg Missile Weapons Level 2  
  122  7:47  Zerg Ground Armor Level 2  
  124  7:56  Zergling x12  
  124  7:57  Zergling x6  
  133  7:59  Queen  
  133  8:01  Drone x2  
  133  8:05  Extractor  
  136  8:06  Extractor  
  136  8:11  Roach  
  136  8:12  Roach x6  
  149  8:14  Baneling  
  149  8:15  Baneling x6  
  149  8:23  Drone x3  
  149  8:24  Drone x3  
  99  9:17  Drone x10  
  107  9:24  Roach x3  
  107  9:25  Roach x9  
  107  9:31  Spire  
  125  9:36  Spore Crawler  
  124  9:39  Hatchery, Extractor  
  124  9:41  Zergling x6  
  124  9:42  Zergling x4  
  124  9:44  Spore Crawler  
  126  9:49  Infestation Pit  
  125  10:02  Drone x3, Zerg Melee Weapons Level 1  
  125  10:03  Overlord x5  
  125  10:05  Roach  
  125  10:06  Roach x8  
  146  10:08  Ravager x5  
  146  10:09  Ravager x7  
  158  10:21  Baneling  
  158  10:22  Baneling x9  
  158  10:23  Zergling x14  
  158  10:24  Zergling x10  
  158  10:27  Zergling x2  
  169  11:02  Roach x5  
  169  11:03  Roach x2  
  183  11:04  Queen  
  133  11:32  Roach  
  117  11:33  Roach x23  
  117  11:34  Roach x4  
  171  11:44  Ravager x7  
  178  11:50  Zerg Flyer Weapons Level 1  
  178  12:04  Overseer  
  178  12:07  Mutalisk  
  178  12:08  Mutalisk x10  
  180  12:09  Extractor  
  180  12:13  Overseer x2  
  180  12:15  Hive  
  199  12:21  Drone  
  200  12:48  Hatchery  
  163  13:21  Zergling x2  
  163  13:22  Zergling x28  
  163  13:23  Zergling x52  
Tags
 
Add a new tag
Caveats
  • Supply blocks, unpowered buildings, or Contaminate may cause inaccurate times.
  • Supply counts are checked every 10 seconds.